 Dungeon Crawl Stone Soup version 0.19.1 (webtiles) character file.

534 HeyBub the Ruffian (level 7, -2/66 HPs)
             Began as a Troll Berserker on Dec 7, 2016.
             Was a Priest of Trog.
             Slain by an orc wizard
             ... wielding a +0 dagger
              (4 damage)
             ... on level 4 of the Dungeon.
             The game lasted 00:05:33 (1971 turns).

HeyBub the Ruffian (Troll Berserker)                Turns: 1971, Time: 00:05:34

Health: -2/66      AC:  5    Str: 28    XL:     7   Next: 4%
Magic:  6/6        EV: 11    Int:  3    God:    Trog [***...]
Gold:   156        SH:  0    Dex:  9    Spells: 0 memorised, 6 levels left

rFire  . . .     SeeInvis .       - Unarmed
rCold  . . .     Gourm    +     a - +0 animal skin
rNeg   . . .     Faith    .     (no shield)
rPois  .         Spirit   .     (helmet restricted)
rElec  .         Reflect  .     (no cloak)
rCorr  .         Harm     .     (gloves unavailable)
MR     .....                    (boots unavailable)
Stlth  +.........               (no amulet)
                                (no ring)
                                (no ring)

@: exhausted, slowed, very slow
A: unfitting armour, claws 3, fast metabolism 3, gourmand, regeneration 1,
shaggy fur 1, tough skin 2
a: Berserk, Trog's Hand, Burn Spellbooks, Renounce Religion


You were on level 4 of the Dungeon.
You worshipped Trog.
Trog was most pleased with you.
You were not hungry.

You visited 1 branch of the dungeon, and saw 4 of its levels.

You collected 156 gold pieces.

Inventory:

Armour
 a - a +0 animal skin (worn)
Jewellery
 f - an uncursed ring of protection from cold {unknown}
 t - a cursed ring of teleportation {unknown}
Scrolls
 e - 3 scrolls of remove curse {unknown}
 i - a scroll of fog {unknown}
 k - a scroll of enchant armour {unknown}
 n - a scroll of amnesia {unknown}
 p - a scroll of noise {unknown}
 r - a scroll of teleportation {unknown}
 s - a scroll of fear {unknown}
 u - a scroll of recharging {unknown}
Potions
 c - a potion of curing {unknown}
 d - a potion of magic
 h - a potion of heal wounds {unknown}
 j - 2 potions of invisibility
 l - a potion of agility {unknown}
 m - 2 potions of haste {unknown}
 q - 2 potions of brilliance {unknown}
Comestibles
 b - 3 bread rations
 g - 2 slices of pizza
 o - a meat ration


   Skills:
 + Level 2.9 Fighting
 + Level 3.7 Dodging
 + Level 0.4 Stealth
 * Level 6.8 Unarmed Combat


You had 6 spell levels left.
You didn't know any spells.

Dungeon Overview and Level Annotations

Branches:
Dungeon (4/15)
 Temple: D:4-7

Altars:
Makhleb


Innate Abilities, Weirdness & Mutations

You are too large for most types of armour.
You have claws for hands.
Your metabolism is lightning-fast.
You like to eat raw meat.
Your natural rate of healing is unusually fast.
You are covered in fur. (AC +1)
You have very tough skin. (AC +2)


Message History

You hear some strange, mumbled words.
You are confused.
You completely miss something.
Something hits you but does no damage. x2
You bump into the rock wall.
Something hits you but does no damage.
You barely miss something. You claw something. Something hits you.
* * * LOW HITPOINT WARNING * * *
You feel less confused. Something hits you.
* * * LOW HITPOINT WARNING * * *
You closely miss something. You claw something! Something hits you.
* * * LOW HITPOINT WARNING * * *
Unknown command.
You barely miss something. Something hits you.
* * * LOW HITPOINT WARNING * * *
Something hits you.
* * * LOW HITPOINT WARNING * * *
You closely miss something. Something hits you.
* * * LOW HITPOINT WARNING * * *
It was a potion of magic.
Magic courses through your body. Something hits you.
You die...

####### #...........
#>....#######....##.....
#.....#..............>..
#.......................
#.....#.......#####.....
####..#.....### #.##..
##[#......## .......
#){.................
##.@##.#.#..........
##....#.##.........
##..##.. .........
....... ........
...##.[. ....... ....
....... ..... ......)
...##. ....... .......


There were no monsters in sight!

Vanquished Creatures
  Menkaure (D:4)
  2 ogres (D:4)
  A bullfrog zombie (D:4)
  An orc priest (D:4)
  Jessica (D:2)
  Natasha (D:4)
  Robin (D:2)
  4 adders
  An adder skeleton (D:4)
  2 worms
  4 dart slugs
  3 orcs
  4 bats
  3 giant cockroaches
  8 hobgoblins
  A quokka (D:3)
  2 ball pythons
  5 frilled lizards
  16 goblins
  7 kobolds
  A leopard gecko skeleton (D:4)
  5 rats
74 creatures vanquished.

Notes
Turn   | Place    | Note
-------+----------+-------------------------------------------
     0 | D:1      | HeyBub the Troll Berserker began the quest for the Orb.
     0 | D:1      | Reached XP level 1. HP: 22/22 MP: 0/0
   159 | D:1      | Reached XP level 2. HP: 29/29 MP: 1/1
   582 | D:2      | Noticed Jessica
   589 | D:2      | Reached XP level 3. HP: 35/36 MP: 2/2
   593 | D:2      | Killed Jessica
   593 | D:2      | Reached skill level 4 in Unarmed Combat
   742 | D:2      | Reached ** piety under Trog
   769 | D:2      | Reached XP level 4. HP: 41/44 MP: 3/3
   966 | D:2      | Noticed Robin
  1003 | D:2      | Killed Robin
  1521 | D:3      | Found a burning altar of Makhleb.
  1612 | D:4      | Noticed an ogre
  1625 | D:4      | Killed an ogre
  1625 | D:4      | Reached skill level 5 in Unarmed Combat
  1625 | D:4      | Reached XP level 5. HP: 50/50 MP: 4/4
  1695 | D:4      | Noticed Menkaure
  1703 | D:4      | Killed Menkaure
  1703 | D:4      | Reached skill level 6 in Unarmed Combat
  1703 | D:4      | Reached XP level 6. HP: 59/59 MP: 5/5
  1836 | D:4      | Noticed Natasha
  1843 | D:4      | Killed Natasha
  1843 | D:4      | Reached *** piety under Trog
  1962 | D:4      | Reached XP level 7. HP: 12/66 MP: 6/6
  1970 | D:4      | HP: 1/66 [something (5)]
  1971 | D:4      | Slain by an orc wizard

Skill      XL: |  1  2  3  4  5 |
---------------+----------------+-----
Dodging        | 3 |  3.7
Unarmed Combat | 4 5 6 |  6.8
Fighting       | |  2.9
Stealth        | |  0.4

Action                   |  1- 3 |  4- 6 |  7- 9 || total
-------------------------+-------+-------+-------++-------
Melee: Unarmed           |    66 |   121 |     6 ||   193
       Punch             |       |     6 |     2 ||     8
Invok: Berserk           |     1 |     4 |       ||     5
  Use: Potion            |       |       |     1 ||     1
  Eat: Chunk             |     8 |     5 |       ||    13
       Bread ration      |     1 |     1 |       ||     2
Armor: Animal skin       |    29 |    45 |     2 ||    76
Dodge: Dodged            |    28 |    52 |       ||    80
